 Dungeon Crawl Stone Soup version 0.17.0 (webtiles) character file.

12693 Eucla the Arsonist (level 11, 0/74 HPs)
             Began as a Grey Draconian Fire Elementalist on Nov 10, 2015.
             Was a Priest of Qazlal.
             Slain by an elephant (20 damage)
             ... on level 3 of the Lair of Beasts.
             The game lasted 00:29:10 (12641 turns).

Eucla the Arsonist (DrFE)                          Turns: 12641, Time: 00:29:11

Health: 0/74       AC: 15    Str: 11    XL:     11   Next: 65%
Magic:  5/25       EV: 12    Int: 18    God:    Qazlal [***...]
Gold:   234        SH: 10    Dex: 12    Spells: 4 memorised, 17 levels left

rFire  + . .     SeeInvis .     E - +1 trident
rCold  x . .     Clarity  .     (armour unavailable)
rNeg   . . .     SustAt   .     j - +1 buckler
rPois  .         Gourm    +     (helmet restricted)
rElec  .         Spirit   .     M - +0 cloak
rCorr  .         Warding  .     (no gloves)
rMut   .         Stasis   .     I - +1 pair of boots {Fly}
MR     .....                    F - amulet of the gourmand
Stlth  +.........               S - ring of wizardry
                                g - ring of fire

@: flying, not resistant to hostile enchantments, very unstealthy
A: walk through water, unfitting armour, unbreathing, cold-blooded, AC +12
a: Upheaval, Elemental Force, Renounce Religion, Stop Flying


You were on level 3 of the Lair of Beasts.
You worshipped Qazlal.
Qazlal was most pleased with you.
You were not hungry.

You visited 3 branches of the dungeon, and saw 13 of its levels.
You also visited: Ossuary.

You collected 562 gold pieces.
You spent 328 gold pieces at shops.

Inventory:

Hand Weapons
 E - a +1 trident (weapon)
Armour
 j - a +1 buckler (worn)
 I - a +1 pair of boots of flying (worn)
 M - a +0 cloak (worn)
Jewellery
 c - a +2 ring of strength {unknown}
 g - a ring of fire (left hand)
 F - an amulet of the gourmand (around neck)
 S - a ring of wizardry (right hand)
Wands
 C - a wand of fireball (7)
 K - a wand of digging (10)
 L - a wand of fire (9)
 P - a wand of cold (8)
 Q - a wand of disintegration (17)
Scrolls
 f - 3 scrolls of amnesia
 i - 3 scrolls of immolation
 q - 8 scrolls of remove curse
 r - a scroll of enchant weapon
 v - a scroll of fog
 w - 2 scrolls of teleportation
 y - a scroll of fear
 Y - a scroll of magic mapping
Potions
 e - a potion of invisibility
 l - 2 potions of haste
 m - a potion of beneficial mutation
 n - 3 potions of curing
 s - 2 potions of magic
 A - a potion of agility
 B - 2 potions of brilliance
 G - 2 potions of berserk rage
 V - a potion of mutation {unknown}
 X - a potion of might
Books
 a - a book of Flames

   Spells                             Type                      Level
   a - Flame Tongue                   Conjuration/Fire             1
   b - Throw Flame                    Conjuration/Fire             2
   c - Conjure Flame                  Conjuration/Fire             3
   d - Inner Flame                    Hexes/Fire                   3
   e - Sticky Flame                   Conjuration/Fire             4
   f - Fireball                       Conjuration/Fire             5
 d - a book of Debilitation

   Spells                             Type                      Level
   a - Corona                         Hexes                        1
   b - Slow                           Hexes                        2
   c - Gell's Gravitas                Hexes/Translocation          3
   d - Inner Flame                    Hexes/Fire                   3
   e - Cause Fear                     Hexes                        4
   f - Leda's Liquefaction            Hexes/Earth                  4
 W - a book of Callings

   Spells                             Type                      Level
   a - Summon Small Mammal            Summoning                    1
   b - Call Imp                       Summoning                    2
   c - Call Canine Familiar           Summoning                    3
   d - Summon Guardian Golem          Hexes/Summoning              3
   e - Summon Lightning Spire         Summoning/Air                4
   f - Summon Ice Beast               Ice/Summoning                4
Comestibles
 b - 12 bread rations
 u - 4 meat rations


   Skills:
 - Level 1.7 Dodging
 - Level 1.7 Stealth
 - Level 5.0 Shields
 + Level 10.0 Spellcasting
 + Level 10.5 Conjurations
 + Level 10.7 Fire Magic


You had 17 spell levels left.
You knew the following spells:

 Your Spells              Type           Power        Failure   Level  Hunger
a - Flame Tongue          Conj/Fire      #####        1%          1    None
b - Conjure Flame         Conj/Fire      ######..     1%          3    None
c - Fireball              Conj/Fire      ######....   1%          5    #####..
d - Sticky Flame          Conj/Fire      ######..     1%          4    ###....


Dungeon Overview and Level Annotations

Branches:
Dungeon (9/15)             Temple (1/1) D:7            Lair (3/8) D:9
  Swamp: Lair:3-6    Shoals: Lair:3-6     Snake: Lair:3-6    Spider: Lair:3-6
    Orc: D:9-12

Altars:
Ashenzari
Cheibriados
Dithmenos
Elyvilon
Fedhas
Gozag
Kikubaaqudgha
Makhleb
Nemelex Xobeh
Okawaru
Qazlal
Ru
Sif Muna
Trog
Vehumet
Xom
Yredelemnul
Zin
The Shining One

Shops:
D:6 !   D:8 !

Annotations:
D:5 exclusion: statue


Innate Abilities, Weirdness & Mutations

You can walk through water.
Your dull iron-grey scales are very hard (AC +12).
Your body does not fit into most forms of armour.
You can survive without breathing.
You are cold-blooded and may be slowed by cold attacks.


Message History

Confirm with . or Enter, or press ? or * to list all spells.
Aiming: Sticky Flame
Press: ? - help, Shift-Dir - straight line, f - elephant
Aim: an elephant (flame)
You feel a surge of power!
The sticky flame hits the elephant.
The elephant is lightly wounded.
The elephant is covered in liquid flames!
The elephant burns!
The elephant tramples you!
You hold your ground!
The elephant trunk-slaps you but does no damage.
The elephant is engulfed in roaring flames.
The elephant tramples you!
* * * LOW HITPOINT WARNING * * *
You hold your ground!
You block the elephant's attack.
Unknown command.
Read which item? (? for menu, Esc to quit)
As you read the scroll of fear, it crumbles to dust.
You assume a fearsome visage.
The elephant looks frightened!
The elephant resists with some effort.
The elephant burns!
The elephant tramples you!!
You die...

### ####@## ### ###
###..#.Y####.######..##
###P....Y................
........................≈
#.#.....................≈
#..#....................≈
..#..................(..≈
##....................≈
#..................<...


You could see 2 elephants.

Vanquished Creatures
  A hydra (Lair:2)
  The ghost of Ark the Fighter, a novice FoFi of the Shining One (D:8)
  An elephant (Lair:3)
  The ghost of chequers the Basher, a novice OgHu of Ashenzari (D:5)
  4 spiny frogs (Lair:2)
  2 trolls
  A spriggan (D:7)
  Sigmund (D:4)
  20 yaks
  2 hippogriffs
  2 wraiths
  A wyvern (D:7)
  A deep elf mage (D:9)
  2 hungry ghosts
  Menkaure (D:7)
  Edmund (D:4)
  4 water moccasins
  7 porcupines
  2 orc warriors (D:9)
  A black bear (D:8)
  A wasp (D:8)
  An ice beast (D:8)
  3 sky beasts
  4 ogres
  2 big kobolds (D:9)
  2 crocodiles
  7 giant frogs
  A wyvern skeleton (D:9)
  3 scorpions
  5 killer bees (D:7)
  5 hounds
  13 orc wizards
  A jelly (D:6)
  3 giant frog skeletons
  A gnoll shaman (D:4)
  2 orc priests
  4 iguanas
  Jessica (D:3)
  5 worker ants
  A mummy (Ossuary)
  2 hound skeletons
  Robin (D:2)
  14 gnolls
  13 adders
  A shadow imp (D:8)
  A worm zombie (D:7)
  2 adder skeletons (D:4)
  2 adder zombies
  An ooze (D:5)
  3 worms (D:2)
  20 orcs
  A ball python (D:2)
  6 bats
  4 giant cockroaches
  13 hobgoblins
  9 jackals
  16 kobolds
  6 quokkas
  11 giant geckos
  6 giant newts
  2 gnoll skeletons (Ossuary)
  16 goblins
  A jackal zombie (D:8)
  5 kobold skeletons (Ossuary)
  18 orc skeletons (Ossuary)
  A quokka skeleton (D:7)
  9 rats
  2 fungi (Lair:2)
  A plant (Lair:2)
308 creatures vanquished.

Vanquished Creatures (others)
  A giant gecko (D:9)
  4 fungi (Lair:2)
  3 plants (Lair:2)
8 creatures vanquished.

Grand Total: 316 creatures vanquished

Notes
Turn   | Place    | Note
--------------------------------------------------------------
     0 | D:1      | Eucla the Draconian Fire Elementalist began the quest for the Orb.
     0 | D:1      | Reached XP level 1. HP: 14/14 MP: 3/3
   159 | D:1      | Reached XP level 2. HP: 20/20 MP: 1/5
   584 | D:2      | Noticed Robin
   596 | D:2      | Reached XP level 3. HP: 26/26 MP: 4/6
   879 | D:2      | Learned a level 3 spell: Conjure Flame
   923 | D:2      | Found a sacrificial altar of Ru.
  1160 | D:2      | Reached XP level 4. HP: 29/33 MP: 0/8
  1485 | D:2      | Killed Robin
  1881 | D:2      | Reached skill level 1 in Shields
  1881 | D:2      | Reached XP level 5. HP: 32/38 MP: 0/9
  2249 | D:3      | Found a bloodstained altar of Trog.
  2263 | D:3      | You fall through a shaft for 2 floors!
  2263 | D:5      | Entered Level 5 of the Dungeon
  2263 | D:5      | Noticed chequers's ghost (novice OgHu)
  2279 | D:5      | Killed chequers's ghost
  2279 | D:5      | Reached skill level 4 in Spellcasting
  2279 | D:5      | Reached XP level 6. HP: 30/45 MP: 1/12
  2334 | D:5      | Your scales start taking on a dull iron-grey colour.
  2334 | D:5      | Gained mutation: You can survive without breathing. [Grey Draconian growth]
  2334 | D:5      | Reached XP level 7. HP: 36/50 MP: 0/13
  2377 | D:5      | Found a snail-covered altar of Cheibriados.
  2506 | D:5      | Found a radiant altar of Vehumet.
  2576 | D:5      | Found a shattered altar of Ashenzari.
  2631 | D:5      | Found an ancient bone altar of Kikubaaqudgha.
  2632 | D:5      | Found a blossoming altar of Fedhas.
  3344 | D:4      | Reached skill level 5 in Fire Magic
  3437 | D:3      | Found a shimmering altar of Xom.
  3438 | D:3      | Noticed an angel
  3443 | D:3      | Found a glowing silver altar of Zin.
  3614 | D:3      | Noticed Jessica
  3620 | D:3      | Killed Jessica
  4004 | D:4      | Noticed Sigmund
  4014 | D:4      | Noticed Edmund
  4015 | D:4      | Killed Sigmund
  4057 | D:4      | Killed Edmund
  4057 | D:4      | Reached XP level 8. HP: 49/57 MP: 0/15
  4476 | D:6      | Found Ilaok's Distillery.
  4483 | D:6      | Bought a potion of agility for 56 gold pieces
  4483 | D:6      | Bought a potion of brilliance for 56 gold pieces
  4483 | D:6      | Bought a potion of heal wounds for 70 gold pieces
  4483 | D:6      | Bought a potion of curing for 42 gold pieces
  4497 | D:6      | Reached skill level 5 in Spellcasting
  4497 | D:6      | Reached skill level 5 in Conjurations
  4867 | D:6      | Found a sparkling altar of Nemelex Xobeh.
  4932 | D:6      | Reached skill level 6 in Fire Magic
  5387 | D:7      | Noticed Menkaure
  5392 | D:7      | Killed Menkaure
  5402 | D:7      | Found a sand-covered staircase.
  5407 | Ossuary  | Entered an ossuary
  5902 | Ossuary  | Reached skill level 5 in Shields
  6251 | D:7      | Reached XP level 9. HP: 62/62 MP: 9/18
  6274 | D:7      | Found a staircase to the Ecumenical Temple.
  6324 | Temple   | Entered the Ecumenical Temple
  6406 | Temple   | Became a worshipper of Qazlal Stormbringer
  6611 | D:7      | Found a sacrificial altar of Ru.
  6612 | D:7      | Found a shadowy altar of Dithmenos.
  6685 | D:7      | Reached skill level 7 in Fire Magic
  6947 | D:7      | Found a bloodstained altar of Trog.
  7127 | D:8      | Noticed Ark's ghost (novice FoFi)
  7213 | D:8      | Reached * piety under Qazlal
  7295 | D:8      | Found a deep blue altar of Sif Muna.
  7614 | D:8      | Killed Ark's ghost
  7614 | D:8      | Reached skill level 8 in Fire Magic
  7785 | D:8      | Found an opulent altar of Gozag.
  7797 | D:8      | Reached XP level 10. HP: 52/69 MP: 18/21
  7839 | D:8      | Found Jooreozo's Distillery.
  7847 | D:8      | Bought a potion of curing for 39 gold pieces
  7847 | D:8      | Bought a potion of heal wounds for 65 gold pieces
  8034 | D:8      | Learned a level 5 spell: Fireball
  8848 | D:9      | Found a staircase to the Lair.
  9041 | D:8      | Reached ** piety under Qazlal
  9041 | D:8      | Reached skill level 9 in Fire Magic
 10131 | Lair:1   | Entered Level 1 of the Lair of Beasts
 10418 | Lair:1   | Reached XP level 11. HP: 49/74 MP: 9/24
 11141 | Lair:2   | Noticed a five-headed hydra
 11149 | Lair:2   | Killed a five-headed hydra
 11277 | Lair:2   | Reached skill level 10 in Fire Magic
 11589 | Lair:2   | Identified a scroll of acquirement
 11639 | Lair:2   | Learned a level 4 spell: Sticky Flame
 11704 | Lair:2   | Reached skill level 10 in Conjurations
 11755 | Lair:2   | Reached *** piety under Qazlal
 12639 | Lair:3   | Reached skill level 10 in Spellcasting
 12641 | Lair:3   | Slain by an elephant

Action                   |  1- 3 |  4- 6 |  7- 9 | 10-12 || total
-------------------------+-------+-------+-------+-------++-------
Melee: Unarmed           |    11 |       |       |       ||    11
       Short sword       |    50 |    39 |    16 |       ||   105
       Spear             |       |       |   178 |    15 ||   193
       Trident           |       |       |       |    18 ||    18
 Cast: Flame Tongue      |    46 |    49 |   393 |   392 ||   880
       Conjure Flame     |       |     3 |    12 |    14 ||    29
       Fireball          |       |       |       |     8 ||     8
       Sticky Flame      |       |       |       |     4 ||     4
  Use: Potion            |       |     4 |     1 |     9 ||    14
       Scroll            |       |       |     6 |    19 ||    25
 Stab: Invisible         |       |     1 |       |       ||     1
       Sleeping          |       |       |     1 |       ||     1
  Eat: Bread ration      |     1 |       |     1 |       ||     2
       Royal jelly       |       |     1 |       |       ||     1
       Meat ration       |       |       |     2 |     2 ||     4
       Chunk             |       |       |     2 |     1 ||     3
       Pizza             |       |       |       |     3 ||     3
       Beef jerky        |       |       |       |     2 ||     2
